[Event "Bangabandhu Premier Div League 2022"]
[Site "Dhaka"]
[Date "2022.11.30"]
[Round "1.20"]
[White "Chowdhury, Sohel"]
[Black "Mitrabha, Guha"]
[Result "0-1"]
[ECO "B15"]
[WhiteElo "2004"]
[BlackElo "2474"]
[Annotator "TA"]
[PlyCount "258"]
[EventDate "2022.11.30"]
[EventType "team-tourn"]
[EventCountry "BAN"]
[SourceTitle "playchess.com"]
[Source "ChessBase"]
[SourceQuality "1"]
[TimeControl "40/5400+30:1800+30"]

1. e4 c6 2. d4 d5 3. Nd2 dxe4 4. Nxe4 Nf6 5. Nd2 Ng8 6. Ne4 Nf6 7. Nxf6+ exf6 8. Nf3 Bd6 9. Ng1 Bf8 10. Nf3 Bd6 11. Bc4 O-O 12. O-O Bg4 13. h3 Bh5 14. Re1 Nd7 15. Rf1 Nb8 16. Re1 Nd7 17. g4 Bg6 18. Nh4 Nb6 19. Nf3 Nd7 20. Nh4 Nb6 21. Nxg6 hxg6 22. Bf1 g5 23. Bg2 g6 24. Qd3 Qc7 25. Qd1 Qd8 26. Qd3 Qc7 27. Qf3 Rae8 28. Qd3 Ra8 29. Qf3 Kg7 30. b3 Rae8 31. Bb2 Nd5 32. Bc1 Nb6 33. Bb2 Nd5 34. c4 Nf4 35. c5 Be7 36. b4 Bd8 37. Bf1 $1 Qd7 38. Bg2 Qc7 39. Bf1 Qd7 40. Bg2 Qc7 41. Bf1 Qd7 42. Re3 (42. Bg2 $11) 42... Nd5 $17 43. Ree1 (43. Rxe8 $142 Rxe8 44. a3) 43... Nf4 (43... Nxb4 $17 44. Bc4 Nd5 45. Bxd5 cxd5) 44. Re3 $15 Nd5 (44... Rh8 $15) 45. Ree1 $1 $17 Nf4 (45... Nxb4 $17 {aiming for ...Nd5.} 46. Bc4 Nd5 47. Bxd5 cxd5) 46. Re3 Nd5 47. Rb3 (47. Ree1 $1 $11) 47... Nf4 (47... Rh8 $17) 48. Re3 $15 Nd5 49. Rb3 (49. Ree1 $11) 49... Rh8 $17 50. b5 Rh4 51. bxc6 bxc6 52. Rd1 Reh8 53. Ra1 $2 (53. Re1 $17 {is a better defense.}) 53... Re8 (53... Nf4 $142 54. Qe4 Nxh3+ 55. Bxh3 Rxh3 56. Rxh3 Rxh3) 54. Rd1 $1 $19 Reh8 $2 (54... f5 $19 55. gxf5 gxf5) 55. Bc1 (55. Ra1 $1 $11) 55... Bc7 56. Bg2 Re8 (56... Bf4 $17 {Threatens to win with ...Bxc1.} 57. Be3 a5) 57. Bd2 (57. Kf1 $11) 57... Bd8 (57... Re6 $17) 58. Bc1 (58. Qg3 $11 {remains equal.}) 58... Bc7 59. Bd2 Re6 60. Bc1 Re8 (60... Bf4 $17 61. Bxf4 Nxf4) 61. Bd2 $15 Re6 (61... a5 $15) 62. Bc1 $1 $17 Re8 (62... Bf4 $17 63. Bxf4 Nxf4) 63. Bd2 $11 Re6 64. a4 (64. Bc1 $11) 64... Qd8 (64... Bf4 $17 65. Bxf4 Nxf4) 65. Qd3 $1 $11 Qd7 (65... Bf4 $11) 66. Qf3 $2 (66. Rdb1 $14 {stays ahead.}) 66... Qd8 (66... Bf4 $17 {Strongly threatening ...Bxd2.} 67. Bxf4 Nxf4) 67. Qd3 $1 $11 Bf4 68. Qf3 $2 (68. Re1 $1 $11) 68... Bc7 $2 (68... Bxd2 $19 69. Rxd2 Re1+ 70. Kh2 Qc7+ 71. Qg3 Nf4) 69. Qd3 $11 Bf4 $2 (69... f5 $11 70. gxf5 gxf5) 70. Qf3 $19 Bc7 $2 (70... Bxd2 $19 71. Rxd2 Re1+ 72. Kh2 f5 73. gxf5 Nf6) 71. Qd3 $1 $11 Bf4 72. Be1 (72. Qf3 $11) 72... Bc7 (72... f5 $17 73. gxf5 gxf5 74. Qxf5 Qd7) 73. Bd2 $1 $11 Bf4 ({Black should try} 73... f5 $11 74. gxf5 gxf5) 74. Be1 $17 Rh8 (74... f5 {is more complex.} 75. gxf5 Rf6 76. fxg6 g4) 75. Qa6 (75. Kf1 $1 $15) 75... Rh4 (75... Rhe8 $17 76. Rbb1 Qd7) 76. Qd3 (76. Ba5 $11 {keeps the balance.} Qh8 77. Qd3 (77. Qxa7 f5 $11)) 76... Rh8 (76... f5 {seems wilder.} 77. gxf5 gxf5 78. Qxf5 Rf6) 77. Qa6 Rhe8 78. Rbb1 (78. Bb4 $17 {was worth a try.}) 78... Rh8 (78... f5 $1 $19 79. gxf5 gxf5) 79. Rb3 $17 Rhe8 (79... f5 $17 80. gxf5 gxf5) 80. Rbb1 $1 $19 Bb8 $2 (80... f5 $1 $19 81. gxf5 gxf5) 81. Rb3 $2 (81. Ba5 $11 Bc7 82. Bd2) 81... Bf4 $2 (81... Rxe1+ 82. Qf1 Rxf1+ 83. Kxf1 Bf4) 82. Rbb1 $1 $19 Bb8 $2 (82... f5 $1 $19 {And now ...fxg4 would win.} 83. gxf5 gxf5) 83. Ba5 Bf4 $2 (83... Bc7 $11 84. Bxd5 cxd5 85. Bxc7 Qxc7) 84. Be1 $4 (84. Bxd8 $18 {is the narrow road to win.} Rxd8 85. Bxd5 Rxd5 86. Rb7) 84... Bb8 (84... f5 $1 $19 85. gxf5 gxf5) 85. Ba5 $11 Bf4 $2 (85... Bc7 $11 86. Bxc7 Qxc7) 86. Be1 $2 (86. Bxd8 $18 Rxd8 87. Bxd5 Rxd5 88. Rb7) 86... Bb8 $2 (86... f5 $1 $17 {Hoping for ...fxg4.} 87. gxf5 gxf5) 87. Ba5 $11 Bc7 (87... Bf4 $5) 88. Be1 $2 (88. Bxd5 $11 {and White stays safe.} cxd5 89. Bxc7 Qxc7 90. Qb7) 88... Bb8 $2 ({Better is} 88... Nf4 $19 {...Nxg2 is the strong threat.} 89. Qc4 Rh8) 89. Ba5 $11 Bc7 90. Be1 $2 (90. Bxd5 $11 cxd5 91. Bxc7 Qxc7 92. Qd3) 90... Bb8 $2 (90... f5 $19 {White must now prevent ...fxg4.} 91. gxf5 gxf5) 91. Ba5 $11 Bc7 92. Bxc7 Nxc7 93. Qxa7 Nd5 94. Rb7 $1 Re1+ $2 (94... R6e7 $1 $11) 95. Rxe1 $18 Rxe1+ 96. Kh2 Re7 97. Kg1 $2 ({White should play} 97. Qb8 $18 Qxb8+ 98. Rxb8) 97... Re1+ $2 (97... Rxb7 $11 {and Black is okay.} 98. Qxb7 Nf4) 98. Kh2 $18 Re7 99. Kg1 $2 (99. Qb8 $18 Qxb8+ 100. Rxb8) 99... Re1+ $2 (99... Rxb7 $11 100. Qxb7 Nf4) 100. Kh2 $18 Re7 101. Kg1 Re1+ 102. Kh2 Re7 103. Kg1 Re1+ 104. Kh2 Re7 105. Bxd5 Rxb7 106. Bg2 $4 (106. Qxb7 $18 Qxd5 107. Qb2) 106... Re7 (106... Qc7+ $142 107. Kg1 Rxa7 108. Bf3 Rxa4 109. Kg2 Qf4 110. h4 gxh4 111. Be2 Ra1 112. Bf1 Qxg4+ 113. Kh2 Rxf1 114. d5 Rxf2+ 115. Kh1 Qg2#) 107. Bd5 Rb7 $4 (107... Rxa7 108. Bf3 Qxd4 109. Kg3 Rxa4 110. Be2 Qe5+ 111. Kf3 Ra2 112. Bd3 Qf4+ 113. Kg2 Rxf2+ 114. Kh1 Qh2#) 108. Qxb7 $18 Qxd5 {[%emt 0:00:00] [#]} 109. Qa6 $2 (109. Qb2 $1 $18) 109... Qd8 $2 (109... Qxd4 $11 110. Qxc6 Qxf2+ 111. Kh1 Qg3) 110. Qb7 $2 (110. Qd3 $16) 110... Qd5 $2 {[%emt 0:00:00] [#]} (110... Qxd4 $11 {and Black has nothing to worry.} 111. Qxc6 Qxf2+ 112. Kh1 Qg3) 111. Qa6 $2 ({White has to play} 111. Qb2 $1 $18) 111... Qf3 112. Qf1 Qxf2+ $2 (112... Qf4+ $11 113. Kg1 Qd2) 113. Qxf2 f5 114. gxf5 Kf8 115. Kg1 Kg7 116. Kg2 Kf8 117. Kg1 Kg7 $1 118. Kg2 Kf8 $1 119. Kg1 Kg7 $1 120. Kg2 Kf8 $1 121. Kg1 Kg7 $1 122. Kg2 Kf8 $1 123. Kg1 Kg7 $1 124. Kg2 Kf8 $1 125. Kg1 $2 (125. fxg6 {mates} f5 126. Qxf5+ Ke8 127. Qf7+ Kd8 128. g7 Kc8 129. g8=Q#) 125... g4 $2 (125... Kg7 $11 126. f6+ Kh6 127. Qe2 g4 128. Qxg4 g5 129. Qf5 g4 130. Qxg4 Kh7 131. Qg7#) 126. d5 g3 127. Qc2 cxd5 128. Kg2 Ke8 129. h4 Kd7 0-1

[Event "Bangabandhu Premier Div League 2022"]
[Site "Dhaka"]
[Date "2022.12.01"]
[Round "2.1"]
[White "Hossain, Enamul"]
[Black "Rahman, Ziaur"]
[Result "1-0"]
[ECO "B43"]
[WhiteElo "2392"]
[BlackElo "2464"]
[Annotator "TA"]
[PlyCount "109"]
[EventDate "2022.11.30"]
[EventType "team-tourn"]
[EventCountry "BAN"]
[SourceTitle "playchess.com"]
[Source "ChessBase"]
[SourceQuality "1"]
[TimeControl "40/5400+30:1800+30"]

1. e4 c5 2. Nf3 e6 3. d4 cxd4 4. Nxd4 a6 5. Nc3 b5 6. Bd3 Bb7 7. O-O Nc6 8. Nxc6 Bxc6 9. Re1 {[%emt 0:00:14] B43: Sicilian: Kan Variation: 5 Nc3.} Qb8 {[%emt 0:00:24] 9...Ne7 is becoming the main line.} 10. Nd5 Bd6 {[%emt 0:02:17] [#] Against Bf4} 11. Qh5 $1 {[%emt 0:02:19][%cal Oe4e5] The position is equal.} Ne7 {[%emt 0:04:23] Prevents e5.} (11... Kf8 {is interesting.} 12. e5 Bxe5 13. Nb4 Bf6) 12. Nxe7 Bxe7 13. e5 {[%emt 0:00:50] [#]} Qb7 $146 ({Predecessor:} 13... g6 14. Qh6 Bf8 15. Qg5 Bg7 16. Bf4 O-O 17. h4 b4 18. Rad1 a5 19. Qg3 h5 {½-½ (38) Hassim,U (2261)-Brzezinski,B (2225) ICCF email 2016}) 14. Bg5 (14. Bxh7 Rc8 15. c3 b4 $17) 14... Bxg5 15. Qxg5 h6 (15... g6 $14) 16. Qxg7 $18 O-O-O 17. g3 $1 (17. Qxf7 Bxg2 18. Re3 Rdf8 $11) 17... h5 18. h4 (18. Qxf7 $6 Rdf8 19. Qe7 Qb6 $14) 18... Rhg8 (18... Qb6 {was called for.} 19. Qg5 (19. Qxf7 $2 Rdf8 $19) 19... Qd4) 19. Qh6 (19. Qxf7 $2 Rdf8 $19) 19... Rg4 20. Kh2 (20. Qxh5 Rdg8 21. Re3 (21. Qxf7 Qa7 $11) 21... Qa7) ({White should try} 20. Re3 $18) 20... Rdg8 $16 {[%emt 0:01:09][%cal Oc6h1] ...Bh1! is the strong threat.} 21. Re3 {[%emt 0:06:50] White is more active.} (21. Qxh5 $6 Qb6 22. Re2 (22. Qxf7 Qd4 $17) 22... Qd4 $11) (21. Qe3 $142) 21... Qb6 {[%emt 0:08:42] aiming for ...f5.} 22. c3 {[%emt 0:20:21] Hoping for Be2.} (22. Qxh5 Rxg3 $3 23. Bf1 Rxe3 24. Rd1 Rf3) 22... Qc5 ({Black should play} 22... Qd8 $1 $14 23. Qxh5 f5 24. exf6 Qxf6) 23. Rg1 (23. Qxh5 $2 Rxg3 $3 24. Rae1 Rg2+ 25. Kh3 Rxf2 $19) 23... Kc7 (23... Qe7 $16 24. Qf6 (24. Qxh5 f5 $16) 24... Qxf6 25. exf6 Rh8) 24. Qf6 (24. Qxh5 f5 25. b4 (25. Be2 $2 f4 $19) 25... Qd5 $17) 24... a5 25. a3 (25. Qxf7 $2 Rf8 $19) 25... a4 26. Be2 (26. Qxf7 $2 Rf8 $19) (26. Qh6 $18) 26... R4g6 $2 {[%emt 0:08:44][%mdl 8192] Black cannot hold the game after this.} (26... R8g6 $16 {is a better defense.} 27. Qxf7 Rg8 28. Bxg4 Rf8) 27. Qf4 $18 (27. Qxf7 $2 {perishes.} Rf8 $19) 27... Rh8 28. Qd4 (28. Qxf7 $2 {too greedy.} Rf8 $19) (28. Rd1 $142) 28... Qxd4 29. cxd4 f5 30. f4 Rgg8 31. Rc1 {[%emt 0:00:38] Prevents b4.} Rb8 32. Bf3 b4 {[%emt 0:00:48] [#]} (32... Kb7 $142 33. d5 exd5) 33. d5 $1 exd5 34. Bxd5 bxa3 35. bxa3 Rb2+ 36. Kh3 Kb6 37. Bxc6 dxc6 {[%emt 0:00:06][%mdl 4096] Endgame KRR-KRR} 38. Rec3 Rc8 39. Rc5 Rb3 {[%emt 0:01:31] [#]} (39... Rb5 $142 40. R5c4 c5 41. Rxa4 Rd8) 40. e6 $1 Rxa3 $2 (40... Rb5 41. R5c4 Rb3) 41. Rxf5 Re3 {[%emt 0:32:04] Prevents Re1.} 42. Rb1+ ({Less strong is} 42. Rxh5 c5 43. f5 Ra8 $18) 42... Kc7 43. Rxh5 {[%emt 0:00:00] And now f5 would win.} Ra8 (43... Rxe6 $142 44. Ra5 Re4) 44. f5 {[%emt 0:00:00] Strongly threatening Rh7+.} a3 45. Rh7+ Kd6 46. Rd1+ Kc5 47. Rc1+ Kb6 48. Rg7 a2 49. Ra1 Kc5 50. e7 Kb4 51. f6 Kb3 52. f7 Rxe7 53. f8=Q Rae8 54. Qxe7 Rxe7 55. Rxe7 {[%emt 0:00:00] Weighted Error Value: White=0.18 (very precise) /Black=0.42} 1-0

[Event "Bangabandhu Premier Div League 2022"]
[Site "Dhaka"]
[Date "2022.12.01"]
[Round "2.1"]
[White "abzid, Rahman"]
[Black "Masum, Hossain"]
[Result "1-0"]
[ECO "E12"]
[WhiteElo "2043"]
[BlackElo "2103"]
[Annotator "TA"]
[PlyCount "77"]
[EventDate "2022.12.01"]
[EventCountry "BAN"]
[SourceTitle "playchess.com"]
[Source "ChessBase"]
[SourceQuality "1"]
[TimeControl "40/5400+30:1800+30"]

1. d4 Nf6 2. c4 e6 3. Nf3 c5 4. a3 b6 5. Nc3 Bb7 6. d5 exd5 7. cxd5 (7. Nxd5 Nxd5 8. cxd5 Bd6 $11) 7... d6 {[%emt 0:01:00] E12: Queen's Indian: Unusual White 4th moves, 4 a3, 4 Nc3 Bb7 5 a3 and 4 Nc3 Bb7 .} 8. e4 a6 9. a4 g6 {[%emt 0:01:00] White is better.} 10. Bd3 Bg7 11. O-O O-O 12. Bf4 Re8 13. Re1 {[%emt 0:00:00] White is more active.} Nh5 14. Bg5 {[%emt 0:05:00] [#]} Qc7 $146 ({Predecessor:} 14... Qc8 15. Nd2 Nd7 16. Nc4 Qc7 17. Qd2 Rab8 18. Be2 Nhf6 19. Qf4 h6 20. Bxf6 Bxf6 21. Qxd6 Qxd6 22. Nxd6 Bxc3 23. bxc3 {1-0 (33) Kulcsar,M (2150)-Izso,L Hungary 2004}) 15. Qd2 Nd7 16. g4 (16. Be3 $14) 16... Nhf6 $11 17. Qf4 h6 18. Bxh6 Bxh6 19. Qxh6 {[%emt 0:00:00] Ng5 is the strong threat.} Nxg4 20. Qg5 (20. Qh3 $5 Ngf6 21. Ng5 $11) 20... Nde5 (20... Nge5 21. Nxe5 Rxe5) (20... Nge5 $11 21. Re3 Qd8) 21. Nxe5 $14 Nxe5 22. Re3 {[%emt 0:00:00] Inhibits Nf3+.} (22. Be2) (22. Be2 $1 $14) 22... Kg7 (22... Nxd3 23. Rxd3 Re5) (22... Nxd3 {simplifies} 23. Rxd3 Re5 24. Qg2 Rh5) 23. Be2 b5 {[%emt 0:00:00] A mistake that costs the game.} ({Better is} 23... Nd7 $14) 24. axb5 $18 {And now f4 would win.} f6 {[%emt 0:01:00] [#]} (24... Rh8 {was necessary.} 25. f4 (25. bxa6 c4 $16) 25... Nd7) 25. Qg2 $1 axb5 26. Rxa8 Rxa8 27. f4 Ra1+ $2 (27... Nf7 28. Bh5 (28. Bxb5 Ra1+ 29. Kf2 Rc1 $16) (28. Nxb5 Ra1+ 29. Kf2 Qb6 $16) 28... Rg8) 28. Kf2 Nf7 29. Bh5 (29. Nxb5 Qb6 $16) (29. Bxb5 Rc1 $16) 29... g5 30. fxg5 (30. Nxb5 Qa5 31. Nc3 Ba6 $16) 30... Ne5 31. gxf6+ Kxf6 32. Qg8 Qc8 {[%emt 0:01:00] [#]} 33. Qh7 (33. Rf3+ $142 $1 Nxf3 34. Qf7+ Kg5 35. Qg6+ Kh4 36. Bxf3 (36. Kxf3 $2 Qh3+ 37. Ke2 Bc8 $19) 36... Rf1+ 37. Kxf1 Qh3+ 38. Kf2) 33... Qf8 34. Rg3 {[%emt 0:00:00] White wants to mate with Bf3.} b4 35. Rg8 ({Not} 35. Qxb7 bxc3 36. bxc3 Ra2+ 37. Kf1 (37. Kg1 Qh6 $16) 37... Ra1+ 38. Kf2 (38. Kg2 Ra2+ 39. Kf1 Ra1+ 40. Kg2 Ra2+ 41. Kh3 Qe7 $16) 38... Ra2+ 39. Kg1 Qh6 $16) (35. Bf3 $142 Ng4+ 36. Bxg4 Ke5+ 37. Rf3 Qxf3+ 38. Bxf3 Kd4 39. Nb5+ Kc4 40. Nxd6+ Kb3 41. Qxb7) 35... Nd3+ 36. Ke3 {[%emt 0:00:30][%cal Bf2e3,Be3d3,Bd3d2,Bd2e1][%mdl 32] White mates.} Re1+ 37. Kxd3 Ba6+ 38. Kd2 bxc3+ 39. Kxe1 {[%emt 0:00:30] Weighted Error Value: White=0.09 (flawless) /Black=0.81} 1-0

[Event "Bangabandhu Premier Div League 2022"]
[Site "Dhaka"]
[Date "2022.12.01"]
[Round "2.2"]
[White "Chanda, Sandipan"]
[Black "Mohammad Fahad, Rahman"]
[Result "1/2-1/2"]
[ECO "D02"]
[WhiteElo "2474"]
[BlackElo "2380"]
[Annotator "TA"]
[PlyCount "113"]
[EventDate "2022.11.30"]
[EventType "team-tourn"]
[EventCountry "BAN"]
[SourceTitle "playchess.com"]
[Source "ChessBase"]
[SourceQuality "1"]
[TimeControl "40/5400+30:1800+30"]

1. d4 d5 2. Nf3 Nf6 3. Bf4 c5 4. e3 Nc6 5. Nbd2 Qb6 6. dxc5 {[%emt 0:00:06] D02: 1 d4 d5 2 Nf3 sidelines, including 2...Nf6 3 g3 and 2...Nf6 3 Bf4.} Qxb2 7. Rb1 {[%emt 0:00:07] Inhibits e6.} Qc3 8. Bb5 {[%emt 0:00:11] Against e6} g6 $1 {[%emt 0:00:02][%cal Of8g7][%mdl 4] is recently more successful than 8...e6.} 9. O-O {[%emt 0:00:15] [#] Threatens to win with Be5.} Bg7 $1 10. Nb3 O-O 11. Bxc6 bxc6 12. Be5 Qc4 13. Qd4 Qxd4 14. exd4 a5 15. Nc1 {[%emt 0:00:22] [#]} Nd7 $146 ({Predecessor:} 15... Bg4 16. Re1 Ra7 17. Nd3 Bh6 18. Bb8 Ra8 19. Bg3 Be6 20. Nde5 Rfc8 21. Rb6 Ne4 22. Nxc6 {1-0 (47) Jarmula,L (2452)-Ulasevich,S (2217) Bydgoszcz 2022}) 16. Bxg7 Kxg7 17. Re1 Re8 18. Nd3 f6 {[%emt 0:00:00] Prevents Nfe5.} 19. Re3 Kf7 20. Nb2 Ba6 21. Rb3 e5 (21... Rab8 {simplifies} 22. Na4 Bc4 23. Rxb8 Rxb8 24. Rxb8 Nxb8 25. Nc3 Na6) 22. Na4 Bb5 23. Nc3 Ba6 24. Ra3 Bc4 25. Rb7 Re7 26. Na4 exd4 27. h3 Bb5 $1 {[%emt 0:00:00] [#] ...Bxa4 is the strong threat.} 28. Nxd4 Bxa4 29. Rxa4 Ra6 30. Nb3 Re1+ 31. Kh2 {[%emt 0:00:01] White is more active.} Ke8 32. Rxa5 Rxa5 33. Nxa5 $11 {[%emt 0:00:08][%mdl 4096] Endgame KRN-KRN. The position is equal.} Re2 34. Rc7 Rxc2 35. Nb3 Rxa2 36. Rxc6 Rc2 37. Re6+ Kf7 38. Ra6 {[%emt 0:01:11] Strongly threatening c6.} Rc3 {[%emt 0:01:31] Against c6} (38... Rxf2 $2 39. c6 Ne5 40. Ra7+ (40. Nd4 Ke7 $18) 40... Kf8 41. c7 $18 (41. Rxh7 Nxc6 42. Nc5 Ke8 $17)) (38... Nxc5 $2 39. Ra7+ (39. Rc6 Nxb3 40. Rxc2 Ke6 $16) 39... Ke8 40. Rc7 $18) (38... Ke7 {simplifies} 39. Ra5 h5 40. Rb5 g5) 39. c6 Rxb3 40. cxd7 {[%emt 0:01:39] KR-KR} Rb8 {[%emt 0:04:00] Against d8Q} 41. Rd6 (41. Rc6 $5 Rd8 $8 42. Rd6 $11) 41... Rd8 42. Kg3 Ke7 43. Rxd5 Rxd7 44. Rxd7+ Kxd7 {[%emt 0:00:04] K3P-K3P} 45. Kf4 h5 46. h4 Ke6 47. f3 Kd5 48. Ke3 Ke5 49. f4+ Kf5 50. Kf3 g5 51. g3 gxf4 52. gxf4 {[%emt 0:00:00] KPP-KPP} Ke6 {[%emt 0:00:00] ( -> ...Kf5)} 53. Ke4 f5+ $1 54. Kd4 {[%emt 0:00:00] Kc5 would kill now.} Kd6 55. Kc4 Kc6 $1 56. Kd4 {[%emt 0:00:00] White threatens Ke5 and mate.} Kd6 57. Kc4 {[%emt 0:14:12] Weighted Error Value: White=0.04 (flawless) /Black=0.04 (flawless)} 1/2-1/2

[Event "Bangabandhu Premier Div League 2022"]
[Site "Dhaka"]
[Date "2022.12.01"]
[Round "2.2"]
[White "Aaryan Varshney"]
[Black "Aradhya, Garg"]
[Result "1/2-1/2"]
[ECO "D10"]
[WhiteElo "2312"]
[BlackElo "2289"]
[Annotator "TA"]
[PlyCount "80"]
[EventDate "2022.12.01"]
[EventCountry "BAN"]
[SourceTitle "playchess.com"]
[Source "ChessBase"]
[SourceQuality "1"]
[TimeControl "40/5400+30:1800+30"]

1. d4 d5 2. c4 c6 3. cxd5 cxd5 4. Nc3 Nf6 5. Bf4 Nc6 6. e3 a6 7. Bd3 Bg4 8. Nge2 e6 9. O-O Bd6 10. f3 {[%emt 0:00:23] D10: Slav Defence: 3 cxd5 (without early Nf3) and 3 Nc3.} Bh5 11. Rc1 Bg6 12. Na4 O-O 13. Nc5 Bxc5 14. Rxc5 Nh5 15. Qd2 Bxd3 16. Qxd3 {[%emt 0:00:00] [#]} Qb6 $146 ({Predecessor:} 16... Nxf4 17. Nxf4 Qb6 18. Qc3 h6 19. b4 a5 20. b5 Ne7 21. Rc1 Qd6 22. Ne2 b6 23. Rc7 Rac8 24. a4 Rxc7 25. Qxc7 {½-½ (25) Brodda,W (2596)-Olofsson,D (2556) ICCF email 2015}) 17. Qc3 h6 18. Be5 {[%emt 0:00:00] g4 is the strong threat.} Rac8 {[%emt 0:00:00] [#]} (18... f6 $11 {keeps the balance.} 19. Bd6 Rfd8) 19. Rc1 (19. g4 $1 $16 f6 20. Bd6 (20. gxh5 fxe5 21. dxe5 Qc7 $11)) 19... Qd8 $14 20. Qd2 Re8 21. Bf4 Re7 (21... Nxf4 {simplifies} 22. Nxf4 Ne7 23. Rxc8 Nxc8 24. b3 Nd6) 22. Be5 Rd7 23. Qc3 Qe7 24. Ng3 f6 {[%emt 0:00:30] The position is equal.} 25. Nxh5 {[%emt 0:00:00] [#] Threatens to win with Bg3.} fxe5 26. dxe5 Rdc7 {[%emt 0:01:00] White must now prevent ...b6.} 27. Qd2 Nxe5 28. Rxc7 Rxc7 29. Nf4 {[%emt 0:00:00] aiming for Rxc7.} Kf7 30. b3 Qd6 31. Ne2 Rxc1+ 32. Qxc1 $11 {[%emt 0:00:00][%mdl 4096] Endgame KQN-KQN} Nc6 33. f4 Qb4 34. Kf2 Qe4 35. a3 g5 36. Qd1 gxf4 37. Nxf4 Qf5 38. Qd3 Kf6 39. Qxf5+ Kxf5 40. g4+ Ke5 {[%emt 0:03:30] Weighted Error Value: White=0.07 (flawless) /Black=0.06 (flawless)} 1/2-1/2

[Event "Bangabandhu Premier Div League 2022"]
[Site "Dhaka"]
[Date "2022.12.01"]
[Round "2.3"]
[White "Narayanan.S.L"]
[Black "Sakline Mostafa, Sajid"]
[Result "1-0"]
[ECO "D48"]
[WhiteElo "2673"]
[BlackElo "1951"]
[Annotator "TA"]
[PlyCount "91"]
[EventDate "2022.11.30"]
[EventType "team-tourn"]
[EventCountry "BAN"]
[SourceTitle "playchess.com"]
[Source "ChessBase"]
[SourceQuality "1"]
[TimeControl "40/5400+30:1800+30"]

1. d4 d5 2. c4 c6 3. Nf3 Nf6 4. Nc3 e6 5. e3 Nbd7 6. Bd3 dxc4 7. Bxc4 b5 8. Bd3 a6 9. e4 c5 10. d5 e5 11. b3 Bd6 {[%emt 0:00:57] D48: Semi-Slav: Meran System: 7...b5 8 Bd3 a6.} 12. a4 $5 {[%emt 0:02:11][%mdl 4] A promising side line.} (12. Qc2 $16) 12... b4 13. Ne2 O-O {[%emt 0:03:36] [#]} (13... c4 $1 $14 14. bxc4 (14. Bxc4 Nxe4 15. Qc2 Nef6 $11) 14... Rb8) 14. Ng3 $146 ({Predecessor:} 14. Nd2 a5 15. Nc4 Nb6 16. Ng3 Nxc4 17. Bxc4 Ne8 18. O-O Qh4 19. Be3 f5 20. exf5 Bxf5 21. Nxf5 Rxf5 22. Bxc5 Bxc5 {0-1 (37) Antoshin,V-Sakharov,Y Tbilisi 1956}) 14... Nb6 15. O-O Re8 16. Re1 Ra7 ({Better is} 16... c4) 17. a5 Na8 18. Be3 Nc7 19. Rc1 {[%emt 0:07:33] White is more active.} Qe7 (19... Nd7 $16 20. Nf5 Bf8) 20. Qc2 $18 Nb5 21. Bxb5 (21. Bxc5 Na3 22. Bxd6 Nxc2 23. Bxe7 Nxe1 24. Nxe1 Raxe7 $16) 21... axb5 22. Bxc5 Bxc5 23. Qxc5 Qxc5 24. Rxc5 Rxa5 {[%emt 0:00:30] [#]} 25. Nxe5 Ra3 (25... h5 26. Nc4) 26. Rec1 {[%emt 0:11:23] Inhibits h5.} Ba6 (26... Bd7 {was worth a try.}) 27. d6 Rxb3 28. d7 Rf8 29. Nf5 {[%emt 0:01:41] [#] White threatens Ne7+ and mate.} g6 30. Ne7+ Kg7 31. N7c6 Nxe4 32. R5c2 (32. d8=B $2 Nxc5 33. Be7 Rc3 34. Rxc3 bxc3 $19) (32. d8=R $2 Rxd8 33. R5c2 Rd5 $19) 32... f6 $2 (32... Ra3 33. Nxb4 (33. d8=N b3 $11) 33... Ng5) 33. Nf3 {[%emt 0:03:32] Threatens to win with Nfd4. Pair of Knights!} ({Not} 33. d8=B fxe5 34. f3 Nc3 $11) 33... Rd3 34. Nxb4 Rd6 35. Rc6 Bb7 $2 (35... Rxd7 36. Nxa6 Rfd8) 36. Rc7 (36. Rxd6 $142 Nxd6 37. Nd4) 36... Rd8 37. Rxb7 R8xd7 38. Rxd7+ (38. Rxb5 $2 {perishes.} Rd1+ 39. Ne1 Rxc1 $19) 38... Rxd7 39. Nc6 Rc7 40. Nfd4 {[%emt 0:00:10] Ne6+ is the strong threat.} Kh6 41. Nxb5 {[%emt 0:30:11] White is clearly winning.} Rc8 42. f3 Ng5 43. Nd6 {[%emt 0:00:22] Against Nf7} Rc7 44. Rc4 Ne6 45. Ne8 {[%emt 0:02:12] Against f5} Rc8 46. Nxf6 {[%emt 0:00:21] Weighted Error Value: White=0.37/Black=0.49} 1-0